 Dungeon Crawl Stone Soup version 0.30-a0-465-g8901f6c8b5 (webtiles) character file.

Game seed: 5877423062571334980

151 p00ps00p the Trooper (level 5, -4/47 HPs)
             Began as a Hill Orc Fighter on Dec 18, 2022.
             Killed by nerve-wracking pain
             ... invoked by Grinder
              (9 damage)
             ... on level 4 of the Dungeon.
             The game lasted 00:06:29 (3810 turns).

p00ps00p the Trooper (Hill Orc Fighter)             Turns: 3810, Time: 00:06:29

Health: -4/47      AC:  9    Str: 21    XL:     5   Next: 33%
Magic:  5/5        EV:  7    Int:  8    God:
Gold:   135        SH:  4    Dex: 10    Spells: 4/4 levels left

rFire   . . .      SeeInvis .    a - +0 war axe
rCold   . . .      Faith    .    c - +0 buckler
rNeg    . . .      Spirit   .    f - +0 chain mail
rPois   .          Reflect  .    (no helmet)
rElec   .          Harm     .    (no cloak)
rCorr   .          Rampage  .    (no gloves)
Will    .....                    (no boots)
Stlth   ..........               (no amulet)
HPRegen 0.27/turn                (no ring)
MPRegen 0.09/turn                (no ring)

@: no status effects
A: no striking features
a: no special abilities


You were on level 4 of the Dungeon.
You visited 1 branch of the dungeon, and saw 4 of its levels.

You collected 135 gold pieces.

Inventory:

Hand Weapons
 a - a +0 war axe (weapon)
Armour
 c - a +0 buckler (worn)
 f - a +0 chain mail (worn)
Wands
 g - a wand of polymorph (8)
 k - a wand of mindburst (15)
Scrolls
 e - a scroll of teleportation
Potions
 b - a potion of berserk rage {unknown}
 d - 2 potions of might
 h - 3 potions of haste
 j - a potion of ambrosia {unknown}
 l - a potion of curing {unknown}


   Skills:
 + Level 4.7 Fighting
 + Level 4.2 Axes
 + Level 4.3 Armour
 + Level 4.2 Shields


You had 4 spell levels left.
You didn't know any spells.
Your spell library contained the following spells:

 Spells                   Type           Power      Damage    Failure   Level
 Slow                     Hex            0%         N/A       99%         1
 Confusing Touch          Hex            0%         N/A       100%        3
 Vampiric Draining        Necr           0%         2d6       100%        3
 Animate Dead             Necr           0%         N/A       100%        4
 Borgnjor's Vile Clutch   Necr/Erth      0%         N/A       100%        5
 Death Channel            Necr           0%         N/A       100%        6


Dungeon Overview and Level Annotations

Branches:
Dungeon (4/15)
 Temple: D:4-7

Altars:
Ru
Uskayaw

Annotations:
D:4 Grinder


Message History

You closely miss Grinder.
Grinder is lightly wounded.
Grinder hits you but does no damage.
Grinder blinks!
You barely miss Grinder.
Grinder is lightly wounded.
Grinder barely misses you. Grinder gestures at you.
You suddenly lose the ability to move!
Grinder gestures at you. You resist with significant effort. Grinder hits you.
You can move again.
You hit Grinder but do no damage.
Grinder is lightly wounded.
Grinder gestures at you. Pain shoots through your body!
You closely miss Grinder.
Grinder is lightly wounded.
Grinder hits you but does no damage.
You closely miss Grinder.
Grinder is lightly wounded.
Grinder hits you!
You writhe in agony.
Grinder hits you.
You writhe in agony.
You closely miss Grinder.
Grinder is lightly wounded.
Grinder hits you.
* * * LOW HITPOINT WARNING * * *
You writhe in agony.
* * * LOW HITPOINT WARNING * * *
You barely miss Grinder.
Grinder is lightly wounded.
Grinder hits you but does no damage. Grinder hits you.
* * * LOW HITPOINT WARNING * * *
You writhe in agony.
* * * LOW HITPOINT WARNING * * *
You slash Grinder!
Grinder is moderately wounded.
Grinder gestures at you. Pain shoots through your body!
You die...

# .. #≈ #≈.≈#
#≈#####≈.≈#
#≈≈≈≈≈≈≈.≈≈
####.#.#..
#....#.#.#
#.#<...#.#
#.######.# ##.#.
#...)..5@#......
#######....?#
#.###.# #.. #
####


You could see Grinder.

Vanquished Creatures
  An orc priest (D:3)
  An orc wizard (D:3)
  2 adders
  4 dart slugs
  7 orcs (D:3)
  5 endoplasms
  A giant cockroach (D:1)
  6 goblins
  7 hobgoblins
  5 jackals
  2 quokkas (D:1)
  5 ball pythons
  4 bats
  A frilled lizard (D:1)
  4 kobolds
  7 rats
62 creatures vanquished.

Vanquished Creatures (others)
  8 plants (D:1)
8 creatures vanquished.

Grand Total: 70 creatures vanquished

Notes
Turn   | Place    | Note
-------+----------+-------------------------------------------
     0 | D:1      | p00ps00p the Hill Orc Fighter began the quest for the Orb.
     0 | D:1      | Reached XP level 1. HP: 19/19 MP: 1/1
   397 | D:1      | Reached XP level 2. HP: 27/27 MP: 2/2
   682 | D:1      | Found a faded altar of an unknown god.
   687 | D:1      | Reached XP level 3. HP: 33/33 MP: 3/3
  1510 | D:2      | Reached XP level 4. HP: 40/40 MP: 4/4
  2402 | D:3      | Reached XP level 5. HP: 9/47 MP: 5/5
  2966 | D:3      | Found a sacrificial altar of Ru.
  3053 | D:3      | Found a hide-covered altar of Uskayaw.
  3053 | D:3      | Noticed a +0 falchion
  3054 | D:3      | Noticed a +0 dagger
  3054 | D:3      | Noticed a +0 spear
  3055 | D:3      | Noticed a +0 falchion
  3055 | D:3      | Noticed a +0 short sword
  3056 | D:3      | Noticed a +0 spear
  3056 | D:3      | Noticed a +0 dagger
  3056 | D:3      | Noticed a +0 short sword
  3785 | D:4      | Noticed Grinder
  3802 | D:4      | Paralysed by Grinder for 3 turns
  3810 | D:4      | Killed from afar by Grinder

Illustrated notes

Levels and vault maps discovered:
D:1:      eino_arrival_tree_alley, layout_basic,
          shapermc_ecumenical_altar_hornbeckon, serial_bayou_lagoon_b
D:2:      layout_basic
D:3:      layout_loops_ring, lemuel_round_altar, nicolae_uskayaw_en_pointe
D:4:      layout_basic, nicolae_overflow_two_pavilions,
          minmay_temple_entry_wispy, uniq_grinder

Skill      XL: |  1  2  3  4 |
---------------+-------------+-----
Axes           | 3 4 |  4.2
Fighting       | 4 |  4.7
Armour         | 4 |  4.3
Shields        | 4 |  4.2

Action                   |  1- 3 |  4- 6 || total
-------------------------+-------+-------++-------
Melee: War axe           |    73 |   116 ||   189
Evoke: Wand              |       |     2 ||     2
  Use: Scroll            |     1 |     8 ||     9
Armor: Scale mail        |     4 |       ||     4
       Chain mail        |    41 |    81 ||   122
Dodge: Dodged            |    27 |    43 ||    70
Block: Buckler           |    14 |    20 ||    34

Table legend: (Time is in decaauts)
 A = Elapsed time spent in this place.
 B = Non-inter-level travel time spent in this place.
 C = Inter-level travel time spent in this place.
 D = Time resting spent in this place.
 E = Time spent auto-exploring this place.
 F = Levels seen in this place.
 G = Mean time per level.
                   A        B        C        D        E       F      G
               +--------+--------+--------+--------+--------+-----+--------+
         Total |   3910 |   3807 |    103 |   1346 |   1858 |   4 |  977.5 |
       Dungeon |   3910 |   3807 |    103 |   1346 |   1858 |   4 |  977.5 |
               +--------+--------+--------+--------+--------+-----+--------+

Top non-repeatable levels by time:
     D:3: 2206 daAuts
     D:1: 891 daAuts
     D:2: 770 daAuts
     D:4: 42 daAuts
